 Dungeon Crawl Stone Soup version 0.31-a0-263-ge8cad7f256 (webtiles) character file.

Game seed: 11644373313711502250

3407 Monkooky the Nimble (level 9, -1/42 HPs)
             Began as a Felid Shapeshifter on July 13, 2023.
             Was an Elder of Hepliaklqana.
             Killed by an exploding wolf (28 damage)
             ... ignited by their inner flame
             ... on level 8 of the Dungeon.
             The game lasted 00:16:05 (6876 turns).

Monkooky the Nimble (Felid Shapeshifter)            Turns: 6876, Time: 00:16:06

Health: -1/42      AC:  9    Str: 20    XL:     9   Next: 75%
Magic:  10/10      EV: 17    Int:  9    God:    Hepliaklqana [****..]
Gold:   383        SH:  0    Dex: 23    Spells: 8/8 levels left
                                        Lives:  0   Deaths: 2

rFire   . .          .
                       - Unarmed
rCold   + . .        (shield unavailable)
rNeg    . . .        (body armour unavailable)
rPois   .            (helmet unavailable)
rElec   .            (cloak unavailable)
rCorr   .            (gloves unavailable)
SInv    +            (boots unavailable)
Will    +....        (no amulet)
Stlth   ++++         p - +6 ring of dexterity
HPRegen 0.27/turn    n - ring of protection from cold
MPRegen 0.12/turn

%: no passive effects
@: snake-form
A: constrict, amphibious, boosted hp, reduced essence, large, (claws 1), (fangs
3), see invisible, (speed 1), (shaggy fur 2), (stealthy paws), no weapons or
thrown items, no armour, multi-lived
a: Begin Untransformation, Renounce Religion, Recall Ancestor, Ancestor
Identity, Transference, Idealise


You were on level 8 of the Dungeon.
You worshipped Hepliaklqana.
Hepliaklqana was greatly pleased with you.
You were an enormous anaconda.
You visited 2 branches of the dungeon, and saw 9 of its levels.
You also visited: Sewer.

You collected 383 gold pieces.

Inventory:

Jewellery
 j - a ring of magical power
 n - a ring of protection from cold (right hand)
 p - a +6 ring of dexterity (left hand)
Talismans
 b - a beast talisman
 x - a serpent talisman
Wands
 o - a wand of flame (8)
 y - a wand of charming (11)
 C - a wand of iceblast (10)
Scrolls
 c - 2 scrolls of poison
 e - 3 scrolls of fog
 f - a scroll of revelation
 g - 2 scrolls of brand weapon
 h - a scroll of amnesia
 k - a scroll of torment
 l - 2 scrolls of noise
 m - a scroll of enchant armour {unknown}
 w - a scroll of silence
 A - a scroll of blinking {unknown}
 B - a scroll of immolation
Potions
 a - 2 potions of lignification
 d - a potion of resistance
 i - 2 potions of heal wounds
 q - a potion of brilliance {unknown}
 r - 2 potions of haste {unknown}
 s - 3 potions of mutation {unknown}
 t - 2 potions of cancellation {unknown}
 u - a potion of might {unknown}
 v - 3 potions of magic {unknown}
 z - a potion of curing {unknown}


   Skills:
 + Level 4.1 Fighting
 - Level 9.5 Dodging
 - Level 5.6 Stealth
 * Level 7.4 Unarmed Combat
 - Level 9.0 Shapeshifting


You had 8 spell levels left.
You didn't know any spells.
Your spell library contained the following spells:

 Spells                   Type           Power      Damage    Failure   Level
 Volatile Blastmotes      Fire/Tloc      0%         2d10      77%         3
 Fulminant Prism          Conj/Hex       0%         3d5       99%         4
 Iskenderun's Mystic Bla  Conj/Tloc      0%         2d3       99%         4


Dungeon Overview and Level Annotations

Branches:
Dungeon (8/15)             Temple (1/1) D:4           Sewer (visited)
   Lair: D:8-11

Altars:
Ashenzari
Cheibriados
Elyvilon
Hepliaklqana
Makhleb
Nemelex Xobeh
Okawaru
Qazlal
Ru
Sif Muna
Trog
Uskayaw
Vehumet
Xom
Yredelemnul
Zin

Shops:
D:6 [

Annotations:
D:8 Grum


Innate Abilities, Weirdness & Mutations

You are an enormous anaconda.
You have a powerful constriction melee attack.
You are amphibious.
Your maximum health is increased.
Your life essence is reduced to manifest your ancestor. (-10% HP)
((You have sharp claws.))
((You have razor-sharp teeth.))
You have supernaturally acute eyesight. (SInv)
((You cover ground quickly. (Speed+)))
((You are covered in thick fur. (AC +2)))
((Your paws help you pounce on unaware monsters.))
You are incapable of wielding weapons or throwing items.
You cannot wear armour.
You gain extra lives every three experience levels.


Message History

The wolf is severely wounded.
You constrict the wolf. The wolf bites you.
The wolf bites Zimri-Dagan!
The wolf completely misses you.
A bullfrog comes into view.
The wolf closely misses you.
Zimri-Dagan points at the yak and mumbles some strange words.
The yak appears confused.
The yak closely misses Zimri-Dagan.
The wolf misses you.
As you read the scroll labelled FOMNUO MUTU, it crumbles to dust.
It is a scroll of amnesia.
You feel forgetful for a moment.
You constrict the wolf.
The wolf bites you but does no damage. x2; The yak misses the wolf.
Zimri-Dagan hits the yak with a +0 dagger of draining!
Zimri-Dagan drains the yak.
The wolf bites you!
As you read the scroll labelled SUKUQOVOE, it crumbles to dust.
Your body is wracked with pain!
* * * LOW HITPOINT WARNING * * *
The wolf convulses! x2; The yak convulses! x2; Grum convulses!
The bullfrog convulses!
The yak convulses!
The wolf convulses!
It was a scroll of torment.
You constrict the wolf, but do no damage.
The wolf closely misses you. The wolf barely misses you.
Zimri-Dagan hits the yak with a +0 dagger of draining.
Zimri-Dagan drains the yak.
The wolf misses you.
Zimri-Dagan completely misses the yak.
Grum misses you.
You feel much better.
You constrict the wolf. The wolf bites you. The wolf completely misses you.
The bullfrog closely misses you.
Zimri-Dagan points at the yak and mumbles some strange words.
The yak appears confused.
The wolf closely misses you. Grum barely misses you.
The wolf stops to sniff the ground.
The yak barely misses Zimri-Dagan.
The wolf barely misses you. The bullfrog misses you.
As you read the scroll labelled ZUVIZX EMNETH, it crumbles to dust.
The creatures around you are filled with an inner flame!
It was a scroll of immolation.
You constrict the wolf.
The wolf explodes!
The fiery explosion engulfs the bullfrog!!
Zimri-Dagan avoids your attack. The fiery explosion engulfs you!!
Ouch! That really hurt!
You die...

. ##.....# #...#
#..#..#####...######
#...................
#.#................?
..###................
#........#####...####
## ###.### #...# #.#
#§Y§# #. #S.Y##### ..
#Rh.)...# #Yg.....#
#h.####.# #... ..
..... ## ......
###.#... #. ..#


You could see the friendly Zimri-Dagan the hexer (inner flame), Grum (inner
flame), 3 yaks and 2 wolves.

Vanquished Creatures
  A two-headed ogre (D:4)
  A hornet (D:8)
  2 water moccasins
  3 black bears
  4 orc warriors
  2 ice beasts (D:6)
  An ogre (D:6)
  A wolf (D:8)
  2 phantoms
  2 centaurs (D:6)
  A kobold brigand (D:8)
  3 bullfrogs
  A gnoll sergeant (D:6)
  2 scorpions
  3 wights (D:6)
  A howler monkey (D:6)
  4 hounds
  3 orc priests
  A sleepcap (D:5)
  2 iguanas
  5 orc wizards
  2 gnolls (D:6)
  4 adders
  A shadow imp (D:5)
  2 ufetubi
  3 worms
  4 dart slugs
  25 orcs
  6 bats
  8 endoplasms
  6 giant cockroaches
  9 goblins
  6 hobgoblins
  3 jackals (D:3)
  20 kobolds
  10 ball pythons
  5 frilled lizards
  9 rats
168 creatures vanquished.

Vanquished Creatures (collateral kills)
  Edmund (D:5)
  A sky beast (D:6)
  An ogre (D:5)
  A kobold brigand (Sewer)
  A scorpion (D:7)
  A jelly (D:6)
  A hound (D:7)
  Ijyb (D:4)
  3 orc wizards
  3 gnolls (D:6)
  An adder (D:2)
  A worm (D:5)
  A dart slug (D:2)
  6 orcs
  A training dummy (D:7)
  A bat (D:1)
  A goblin (D:3)
  6 kobolds
  A rat (D:5)
33 creatures vanquished.

Vanquished Creatures (others)
  An orc wizard (D:5)
  A hexer (D:4)
2 creatures vanquished.

Grand Total: 203 creatures vanquished

Notes
Turn   | Place    | Note
-------+----------+-------------------------------------------
     0 | D:1      | Monkooky the Felid Shapeshifter began the quest for the
                  | Orb.
     0 | D:1      | Reached XP level 1. HP: 9/9 MP: 2/2
   123 | D:1      | Reached XP level 2. HP: 11/13 MP: 3/3
   242 | D:1      | Found a faded altar of an unknown god.
   268 | D:1      | Prayed at the altar of an unknown god.
   268 | D:1      | Became a worshipper of Hepliaklqana the Forgotten
   268 | D:1      | Reached * piety under Hepliaklqana
   709 | D:1      | Reached XP level 3. HP: 14/14 MP: 4/4
  1206 | D:2      | Reached XP level 4. HP: 6/17 MP: 5/5
  1504 | D:2      | Reached ** piety under Hepliaklqana
  1633 | D:2      | Remembered your ancestor Zimri-Dagan as a hexer
  1775 | D:3      | Reached skill level 5 in Unarmed Combat
  2155 | D:3      | Reached skill level 1 in Stealth
  2155 | D:3      | Reached XP level 5. HP: 19/19 MP: 6/6
  2529 | D:4      | Noticed a two-headed ogre
  2729 | D:4      | Found a staircase to the Ecumenical Temple.
  2753 | D:4      | Reached skill level 5 in Stealth
  2753 | D:4      | Gained mutation: You are covered in thick fur. (AC +2)
                  | [Felid growth]
  2753 | D:4      | Reached XP level 6. HP: 18/23 MP: 7/7
  2779 | Temple   | Entered the Ecumenical Temple
  2907 | D:4      | Found a snail-covered altar of Cheibriados.
  2941 | D:4      | Noticed Ijyb
  2953 | D:4      | Killed Ijyb
  3042 | D:4      | Found a burning altar of Makhleb.
  3275 | D:4      | Slain by a two-headed ogre
  3276 | D:4      | Reached XP level 5. HP: -4/19 MP: 6/6
  3294 | D:4      | Killed a two-headed ogre
  3295 | D:4      | Reached XP level 6. HP: 23/23 MP: 7/7
  3295 | D:4      | Reached XP level 7. HP: 27/27 MP: 8/8
  3341 | D:5      | Entered Level 5 of the Dungeon
  3354 | D:5      | Noticed Edmund
  3378 | D:5      | Killed Edmund
  3483 | D:5      | Found an iron altar of Okawaru.
  3528 | D:5      | Killed from afar by an orc wizard
  3529 | D:5      | Reached XP level 6. HP: 0/23 MP: 7/7
  3565 | D:5      | Reached *** piety under Hepliaklqana
  3570 | D:5      | Reached XP level 7. HP: 27/27 MP: 8/8
  3612 | D:5      | Found a glowing drain.
  3616 | Sewer    | Entered a sewer
  4318 | D:5      | Found a white marble altar of Elyvilon.
  4545 | D:6      | Reached XP level 8. HP: 23/30 MP: 9/9
  4704 | D:6      | Found Loiwolet's Antique Armour Shoppe.
  4808 | D:6      | Reached skill level 5 in Shapeshifting
  4994 | D:6      | Found a shimmering blue altar of Sif Muna.
  4994 | D:6      | Found a stormy altar of Qazlal.
  5232 | D:6      | Reached XP level 9. HP: 24/34 MP: 10/10
  5373 | D:6      | Reached **** piety under Hepliaklqana
  6495 | D:7      | Found a hazy altar of Hepliaklqana.
  6711 | D:8      | Noticed a +0 dagger
  6711 | D:8      | Noticed a +0 hand axe
  6711 | D:8      | Found a hide-covered altar of Uskayaw.
  6868 | D:8      | Noticed Grum
  6876 | D:8      | Killed by an exploding wolf... ignited by their inner flame

Illustrated notes

Levels and vault maps discovered:
D:1:      dpeg_arrival_subterranean_lakeside_camping, layout_basic,
          shapermc_ecumenical_altar_starsandcircs, minmay_pentomino_x4
D:2:      minmay_angry_zag, layout_loops_ring, st_stairs_5
D:3:      layout_loops_cross
D:4:      layout_cave_pools, kennysheep_slug_shrine,
          mainiacjoe_overflow_surrounded_room,
          minmay_temple_entry_statues_pillars, uniq_ijyb
D:5:      layout_basic, mainiacjoe_overflow_catch_the_wave,
          gup_sewer_entry_bowl, amethyst_killhole, uniq_edmund
D:6:      layout_basic, jmf_multi_god_temple, serial_co_window_serial,
          co_window_corner_a, co_window_paths_a, co_window_paths_a,
          co_window_corner_a, co_window_corner_a, co_window_corner_a,
          co_window_paths_b, co_window_corner_b, co_window_corner_ca,
          co_window_broadway_b, co_window_corner_b, glass_columns_a,
          glass_columns_c, serial_shops, shop, grunt_tough_drop
D:7:      dreamdust_elfheim, layout_basic, worldfamousw_hep_ancestral_shrine
D:8:      layout_loops_cross, dancing_weapons_uskayaw, serial_shops,
          nicolae_inconvenience_store, uniq_grum
Temple:   hellmonk_temple_of_storms

Skill      XL: |  1  2  3  4  5  6  7  8  9 |
---------------+----------------------------+-----
Unarmed Combat | 3 4 5 6 7 |  7.4
Stealth        | 1 5 |  5.6
Dodging        | 8 9 |  9.5
Fighting       | 3 4 |  4.1
Shapeshifting  | 4 7 9 |  9.0

Action                     |  1- 3 |  4- 6 |  7- 9 || total
---------------------------+-------+-------+-------++-------
  Melee: Unarmed           |    80 |    84 |   214 ||   378
         Bite              |     4 |    12 |    16 ||    32
         Punch             |       |       |     5 ||     5
         Constrict         |       |       |    15 ||    15
 Invoke: Recall Ancestor   |       |     3 |       ||     3
         Ancestor Life: He |       |     1 |       ||     1
  Evoke: Wand              |       |     6 |       ||     6
    Use: Scroll            |     3 |     2 |     7 ||    12
         Potion            |       |       |     4 ||     4
   Stab: Sleeping          |     6 |     3 |     7 ||    16
         Confused          |       |     1 |    12 ||    13
         Distracted        |       |       |     2 ||     2
 Armour: Skin              |     6 |     2 |    28 ||    36
  Dodge: Dodged            |    43 |    50 |   159 ||   252
   Form: Anaconda          |       |       |     1 ||     1

Table legend: (Time is in decaauts)
 A = Elapsed time spent in this place.
 B = Non-inter-level travel time spent in this place.
 C = Inter-level travel time spent in this place.
 D = Time resting spent in this place.
 E = Time spent auto-exploring this place.
 F = Levels seen in this place.
 G = Mean time per level.
                   A        B        C        D        E       F      G
               +--------+--------+--------+--------+--------+-----+--------+
         Total |   6646 |   6363 |    283 |    174 |   4949 |  10 |  664.6 |
       Dungeon |   6273 |   6005 |    268 |    174 |   4704 |   8 |  784.1 |
        Temple |     60 |     46 |     14 |      0 |     40 |   1 |   60.0 |
         Sewer |    312 |    312 |      0 |      0 |    204 |   1 |  312.0 |
               +--------+--------+--------+--------+--------+-----+--------+

Top non-repeatable levels by time:
     D:6: 1251 daAuts
     D:7: 920 daAuts
     D:2: 886 daAuts
     D:3: 845 daAuts
     D:5: 809 daAuts
     D:4: 721 daAuts
     D:1: 678 daAuts
   Sewer: 312 daAuts
     D:8: 161 daAuts
  Temple: 60 daAuts
